 Dungeon Crawl Stone Soup version 0.18.1-50-g88ac8fd (webtiles) character file.

25 Chiseanne the Gusty (level 2, 0/20 HPs)
             Began as a Centaur Air Elementalist on Oct 11, 2016.
             Slain by a jackal (2 damage)
             ... on level 2 of the Dungeon.
             The game lasted 00:02:19 (1260 turns).

Chiseanne the Gusty (Centaur Air Elementalist)      Turns: 1260, Time: 00:02:20

Health: 0/20       AC:  8    Str: 10    XL:     2   Next: 86%
Magic:  0/4        EV:  7    Int: 14    God:
Gold:   50         SH:  3    Dex:  9    Spells: 1 memorised, 3 levels left

rFire  . . .     SeeInvis .     p - +0 short sword
rCold  . . .     Gourm    .     a - +0 robe
rNeg   . . .     Faith    .     o - +0 buckler
rPois  .         Spirit   .     (no helmet)
rElec  .         Dismiss  .     (no cloak)
rCorr  .         Reflect  .     (no gloves)
SustAt .         Harm     .     n - +0 centaur barding
MR     .....                    (no amulet)
Stlth  +.........               (no ring)
                                (no ring)

@: lethally poisoned (0 -> -9), very slightly contaminated, very quick, not
resistant to hostile enchantments, very unstealthy
A: hooves 3, deformed body, speed 2, tough skin 3
a: no special abilities


You were on level 2 of the Dungeon.
You were not hungry.

You visited 1 branch of the dungeon, and saw 2 of its levels.

You collected 50 gold pieces.

Inventory:

Hand Weapons
 p - a +0 short sword (weapon)
Missiles
 e - 7 tomahawks (quivered)
 g - 21 poisoned needles
 h - 49 stones
Armour
 a - a +0 robe (worn)
 n - a +0 centaur barding (worn)
 o - a +0 buckler (worn)
Jewellery
 l - an uncursed ring of protection from magic {unknown}
Scrolls
 q - a scroll of teleportation
Potions
 d - 3 potions of curing {unknown}
 f - a potion of heal wounds {unknown}
 i - a potion of lignification {unknown}
 m - a potion of cure mutation {unknown}
Books
 b - a book of Air

   Spells                             Type                      Level
   a - Shock                          Conjuration/Air              1
   b - Swiftness                      Charms/Air                   2
   c - Repel Missiles                 Charms/Air                   2
   d - Static Discharge               Conjuration/Air              3
   e - Lightning Bolt                 Conjuration/Air              5
Comestibles
 c - a bread ration
 j - a chunk of flesh
 k - 3 meat rations


   Skills:
 - Level 1.3 Dodging
 - Level 1.2 Stealth
 + Level 1.0 Shields
 - Level 1.9 Spellcasting
 - Level 1.1 Conjurations
 - Level 2.9 Air Magic


You had 3 spell levels left.
You knew the following spells:

 Your Spells              Type           Power        Failure   Level  Hunger
a - Shock                 Conj/Air       #...         14%         1    ##.....


Dungeon Overview and Level Annotations

Branches:
Dungeon (2/15)

Altars:


Innate Abilities, Weirdness & Mutations

You have hooves in place of feet.
Armour fits poorly on your strangely shaped body.
You cover ground very quickly.
You have extremely tough skin (AC +3).


Message History

You hit the adder.
You kill the adder!
Your Shields skill increases to level 1!
* * * LOW HITPOINT WARNING * * *
You feel sick.
You hear a bark!
The goblin barely misses you.
The jackal bites you but does no damage.
The goblin hits you but does no damage.
A bat comes into view.
Casting: Shock
Confirm with . or Enter, or press ? or * to list all spells.
Aiming: Shock
Press: ? - help, Shift-Dir - straight line, f - jackal
Aim: a jackal You miscast Shock.
The air around you crackles with energy!
* * * LOW HITPOINT WARNING * * *
You feel sick.
The bat moves out of view.
The jackal bites you.
You die...

.. #. #. #.
#####.##
......###+###
#.h.gb.....
#@# #.# #.#
#$# #.# #.#
#.# ..#


You could see a jackal, a goblin and a bat.

Vanquished Creatures
  An adder (D:2)
  A giant cockroach (D:1)
  3 goblins (D:1)
  A hobgoblin (D:1)
  4 kobolds (D:1)
  5 bats (D:1)
  2 rats (D:1)
17 creatures vanquished.

Notes
Turn   | Place    | Note
--------------------------------------------------------------
     0 | D:1      | Chiseanne the Centaur Air Elementalist began the quest for the Orb.
     0 | D:1      | Reached XP level 1. HP: 14/14 MP: 3/3
    88 | D:1      | Reached skill level 1 in Conjurations
   467 | D:1      | Reached XP level 2. HP: 13/20 MP: 0/4
  1259 | D:2      | Reached skill level 1 in Shields
  1260 | D:2      | Slain by a jackal

Skill      XL: |  1  2 |
---------------+-------+-----
Conjurations   | 1 |  1.1
Shields        | 1 |  1.0
Dodging        | |  1.3
Stealth        | |  1.2
Spellcasting   | |  1.9
Air Magic      | |  2.9

Action                   || total
-------------------------++-------
Melee: Unarmed           ||    16
       Club              ||    13
       Kick              ||     6
       Short sword       ||    16
 Cast: Shock             ||    26
  Use: Scroll            ||     3
  Eat: Chunk             ||     1
Armor: Robe              ||    24
Dodge: Dodged            ||    23
Block: Buckler           ||     2
